 Dungeon Crawl Stone Soup version 0.29.1-1-gd02db69 (webtiles) character file.

Game seed: 15807152247721382219

71 Timinator the Insei (level 3, -1/28 HPs)
             Began as a Demigod Transmuter on Dec 22, 2022.
             Slain by a gnoll
             ... wielding a +0 flail
              (8 damage)
             ... on level 2 of the Dungeon.
             The game lasted 00:05:14 (2140 turns).

Timinator the Insei (Demigod Transmuter)            Turns: 2140, Time: 00:05:15

Health: -1/28      AC:  2    Str: 11    XL:     3   Next: 79%
Magic:  8/8        EV: 12    Int: 15    God:
Gold:   62         SH:  0    Dex: 18    Spells: 5/6 levels left

rFire   + . .      SeeInvis .     - Unarmed
rCold   + . .      Faith    .   (no shield)
rNeg    . . .      Spirit   .   f - +0 robe
rPois   .          Reflect  .   (helmet currently unavailable)
rElec   .          Harm     .   d - scarf {rC+ rF+}
rCorr   .          Rampage  .   (no gloves)
Will    .....                   (boots currently unavailable)
Stlth   ++........              (no amulet)
HPRegen 0.09/turn               (no ring)
MPRegen 0.11/turn               (no ring)

@: appendages
A: horns 2, talons 2, high MP 1, forlorn, divine attributes
a: End Transformation


You were on level 2 of the Dungeon.
You had temporarily grown beastly horns and talons.
You visited 1 branch of the dungeon, and saw 3 of its levels.

You collected 62 gold pieces.

Inventory:

Armour
 c - an orb of wrath
 d - a scarf of resistance (worn)
 f - a +0 robe (worn)
 q - a +0 ring mail
Wands
 l - a wand of flame (25)
Scrolls
 a - 2 scrolls of vulnerability {unknown}
 e - 2 scrolls of noise {unknown}
 g - 2 scrolls of butterflies {unknown}
 i - 3 scrolls of identify {unknown}
 j - a scroll of magic mapping {unknown}
 n - a scroll of brand weapon {unknown}
Potions
 b - 2 potions of lignification
 h - 2 potions of curing {unknown}
 k - 2 potions of haste {unknown}
 m - a potion of might {unknown}
 o - 2 potions of heal wounds {unknown}
 p - a potion of magic {unknown}


   Skills:
 * Level 1.4 Fighting
 * Level 0.7 Armour
 * Level 2.1 Dodging
 + Level 3.2 Unarmed Combat
 + Level 2.0 Spellcasting
 * Level 2.5 Transmutations


You had 5 spell levels left.
You knew the following spells:

 Your Spells              Type           Power      Damage    Failure   Level
a - Beastly Appendage     Tmut           18%        N/A       8%          1

Your spell library contained the following spells:

 Spells                   Type           Power      Damage    Failure   Level
 Wereblood                Tmut           9%         N/A       12%         2
 Shock                    Conj/Air       4%         1d3       22%         1
 Spider Form              Tmut/Pois      5%         N/A       36%         3
 Swiftness                Air            1%         N/A       54%         3
 Ice Form                 Ice/Tmut       5%         N/A       78%         4
 Airstrike                Air            0%         2d(1-17)  91%         4


Dungeon Overview and Level Annotations

Branches:
Dungeon (3/15)


Innate Abilities, Weirdness & Mutations

You have temporarily grown beastly horns and talons.
You have an increased reservoir of magic. (+10% MP)
You shall have no god before yourself.
Your divine heritage dramatically boosts your attributes as you level up.


Message History

Anything else - Cancel.
You shout for attention!
The frilled lizard hisses angrily.
The gnoll shouts! x2
Casting: Beastly Appendage (safe; 8% risk of failure)
Confirm with . or Enter, or press ? or * to list all spells.
You grow a pair of large bovine horns.
Your feet morph into talons.
A dart slug comes into view.
The gnoll completely misses you.
The gnoll hits you from afar with a +0 halberd!
The ball python closely misses you. The ball python grabs you.
You stop ascending the stairs.
The ball python constricts you. The gnoll barely misses you. x2
You escape the ball python's grasp.
The gnoll barely misses you. The frilled lizard closely misses you.
The gnoll misses you. The gnoll closely misses you.
You climb upwards.
There is a stone staircase leading down here.
You hit the frilled lizard.
You kill the frilled lizard!
The ball python bites you. The ball python grabs you.
The ball python constricts you.
You hit the gnoll. You claw the gnoll! You punch the gnoll.
The gnoll is almost dead.
The ball python bites you. The ball python constricts you.
The ball python bites you. The ball python constricts you.
The gnoll hits you with a +0 flail.
* * * LOW HITPOINT WARNING * * *
You hit the ball python.
You kill the ball python!
You hit the gnoll but do no damage.
The gnoll is almost dead.
The gnoll hits you but does no damage.
You hit the gnoll but do no damage.
You headbutt the gnoll, but do no damage.
The gnoll is almost dead.
The gnoll hits you with a +0 flail.
* * * LOW HITPOINT WARNING * * *
You barely miss the gnoll.
The gnoll is almost dead.
The gnoll hits you with a +0 flail!
You die...

####.# #..# .....#
#†.# ###### #..#
#..###
######....#####
##.......#....<#
##.....<....###.#
###.......)######g##
...........# ##@#.##
.##.......##
##.###.###
####....######.##
##..# #..........##
##.# #.#########.##
##..# #.# ##.###.#.#
#.# ##.#.##.# #.#
##.###.# #.# #.# #.#


You could see a gnoll.

Vanquished Creatures
  An adder (D:2)
  2 worms (D:2)
  2 dart slugs
  6 ball pythons
  3 bats
  5 endoplasms
  3 giant cockroaches (D:1)
  5 goblins
  3 hobgoblins
  3 kobolds (D:2)
  7 quokkas
  A frilled lizard (D:2)
  6 rats
47 creatures vanquished.

Vanquished Creatures (others)
  4 toadstools (D:1)
4 creatures vanquished.

Grand Total: 51 creatures vanquished

Notes
Turn   | Place    | Note
-------+----------+-------------------------------------------
     0 | D:1      | Timinator the Demigod Transmuter began the quest for the
                  | Orb.
     0 | D:1      | Reached XP level 1. HP: 15/15 MP: 5/5
   107 | D:1      | Reached skill level 1 in Fighting
   172 | D:1      | Reached XP level 2. HP: 22/23 MP: 7/7
   307 | D:1      | Reached skill level 3 in Unarmed Combat
  1126 | D:2      | Reached XP level 3. HP: 28/28 MP: 6/8
  2140 | D:2      | Slain by a gnoll

Illustrated notes

Levels and vault maps discovered:
D:1:      ldierk_water_garden, layout_basic,
          dreamdust_ecumenical_altar_hidden_monk_grotto
D:2:      layout_loops_ring
D:3:      layout_rooms

Skill      XL: |  1  2  3 |
---------------+----------+-----
Fighting       | 1 |  1.4
Transmutations | 2 |  2.5
Unarmed Combat | 3 |  3.2
Dodging        | 2 |  2.1
Spellcasting   | 2 |  2.0
Armour         | |  0.7

Action                   || total
-------------------------++-------
Melee: Unarmed           ||   118
       Kick              ||    30
       Headbutt          ||    13
       Punch             ||     2
 Cast: Beastly Appendage ||    28
 Stab: Sleeping          ||     5
Armor: Robe              ||     8
Dodge: Dodged            ||    81
